 Dungeon Crawl Stone Soup version 0.25-a0-294-gea9b1ad378 (webtiles) character file.

Game seed: 5177856841185449771, levelgen mode: deterministic

319 Redear the Skirmisher (level 6, -6/44 HPs)
             Began as an Octopode Fighter on Dec 18, 2019.
             Killed from afar by an orc wizard (8 damage)
             ... with a magic dart
             ... on level 4 of the Dungeon.
             The game lasted 00:03:34 (3094 turns).

Redear the Skirmisher (Octopode Fighter)            Turns: 3094, Time: 00:03:34

Health: -6/44      AC:  1    Str: 15    XL:     6   Next: 45%
Magic:  6/6        EV: 11    Int: 10    God:
Gold:   152        SH:  8    Dex: 14    Spells: 5/5 levels left

rFire    . . .     SeeInvis .   i - +2 dagger (speed)
rCold    . . .     Gourm    .   b - +0 shield
rNeg     . . .     Faith    .   (helmet restricted)
rPois    .         Spirit   .   (no amulet)
rElec    .         Reflect  .   (no ring)
rCorr    .         Harm     .   (no ring)
MR       .....                  (no ring)
Stlth    +++.......             (no ring)
HPRegen  0.14/turn              (no ring)
MPRegen  0.10/turn              (no ring)
                                (no ring)
                                (no ring)

@: heavily drained
A: almost no armour, stealthy swim, amphibious, 8 rings, constrict 8, camouflage
1, gelatinous body 1
a: no special abilities


You were on level 4 of the Dungeon.
You were hungry.

You visited 1 branch of the dungeon, and saw 4 of its levels.

You collected 152 gold pieces.

Inventory:

Hand Weapons
 a - a +0 long sword
 h - a +3 vampiric whip {!w}
 i - a +2 dagger of speed (weapon)
Missiles
 j - 15 poisoned darts (quivered)
Armour
 b - a +0 shield (worn)
Jewellery
 f - an uncursed amulet of harm
 m - an uncursed amulet of guardian spirit {unknown}
Scrolls
 d - 2 scrolls of remove curse {unknown}
 g - 4 scrolls of noise {unknown}
 k - 6 scrolls of identify {unknown}
 l - a scroll of enchant weapon {unknown}
Potions
 c - 2 potions of flight {unknown}
 e - a potion of curing {unknown}
 n - a potion of lignification {unknown}
 o - a potion of agility {unknown}
 p - a potion of heal wounds {unknown}
Comestibles
 z - 3 rations


   Skills:
 + Level 4.4(1.9) Fighting
 - Level 2.0(0.0) Long Blades
 + Level 4.3(1.8) Dodging
 + Level 4.1(1.7) Stealth
 + Level 4.3(1.8) Shields


You had 5 spell levels left.
You didn't know any spells.
Your spell library was empty.

Dungeon Overview and Level Annotations

Branches:
Dungeon (4/15)
 Temple: D:4-7

Altars:
Dithmenos
Elyvilon
Gozag
Nemelex Xobeh
Okawaru
Xom


Innate Abilities, Weirdness & Mutations

You cannot wear most types of armour.
You are very stealthy in the water. (Stealth+)
You are amphibious.
You can wear up to eight rings at the same time.
You can use your tentacles to constrict eight enemies at once.
Your skin changes colour to match your surroundings (Stealth+).
Your rubbery body absorbs attacks. (AC +1, EV +1)


Message History

A puff of frost appears from out of thin air!
You block the puff of frost. Something hits you.
You feel drained.
There is a stone staircase leading down here.
Something barely misses you. Something hits you.
* * * LOW HITPOINT WARNING * * *
You feel drained.
* * * LOW HITPOINT WARNING * * *
You take 4 damage, and have 12/44 hp.
You hear some strange, mumbled words.
A puff of frost appears from out of thin air!
The puff of frost hits you!
* * * LOW HITPOINT WARNING * * *
You take 11 damage, and have 1/44 hp.
MASSIVE DAMAGE!!
An orc wizard appears from thin air!
Reactivating autopickup.
The orc wizard points at you and mumbles some strange words.
The magic dart hits you!
You die...

#. #.# #.# #.# #.# #
#.######### .
#...@.....# .
#.o######.# . #..#..#
#.# .
########..#..###.#
.#####..w......#<.....#
.)[..'.w.....>.#..#####
.†####.........#..# .†#
#.........#########.
..#
#...................


You could see an orc wizard.

Vanquished Creatures
  Sigmund (D:2)
  An orc priest (D:3)
  5 adders
  A worm (D:2)
  A dart slug (D:1)
  2 leopard geckos (D:1)
  9 orcs
  2 ball pythons
  2 giant cockroaches (D:1)
  10 hobgoblins
  2 jackals (D:2)
  2 quokkas (D:2)
  4 bats
  5 frilled lizards
  7 goblins
  8 kobolds
  9 rats
71 creatures vanquished.

Notes
Turn   | Place    | Note
-------+----------+-------------------------------------------
     0 | D:1      | Redear the Octopode Fighter began the quest for the Orb.
     0 | D:1      | Reached XP level 1. HP: 16/16 MP: 1/1
    40 | D:1      | Reached skill level 1 in Stealth
    40 | D:1      | Reached XP level 2. HP: 9/21 MP: 2/2
   514 | D:1      | Reached XP level 3. HP: 16/26 MP: 3/3
  1264 | D:2      | Found an iron altar of Okawaru.
  1271 | D:2      | Found a white marble altar of Elyvilon.
  1363 | D:2      | Noticed Sigmund
  1375 | D:2      | Killed Sigmund
  1375 | D:2      | Reached skill level 4 in Fighting
  1375 | D:2      | Reached skill level 4 in Dodging
  1375 | D:2      | Reached skill level 3 in Stealth
  1375 | D:2      | Reached skill level 4 in Shields
  1375 | D:2      | Reached XP level 4. HP: 9/33 MP: 4/4
  1375 | D:2      | Reached XP level 5. HP: 10/37 MP: 5/5
  1657 | D:2      | Found a shimmering altar of Xom.
  1801 | D:2      | Reached XP level 6. HP: 42/43 MP: 6/6
  2125 | D:2      | You fall into a shaft and drop 1 floor!
  2643 | D:3      | Found an opulent altar of Gozag.
  2644 | D:3      | Found a sparkling altar of Nemelex Xobeh.
  2721 | D:3      | Reached skill level 4 in Stealth
  2727 | D:3      | Found a shadowy altar of Dithmenos.
  3092 | D:4      | HP: 1/44 [something/puff of frost (11)]
  3094 | D:4      | Killed from afar by an orc wizard

Levels and vault maps discovered:
D:1:      dpeg_arrival_water_temple_mockup, layout_loops_ring, minmay_cupped
D:2:      layout_loops_corners, nicolae_overflow_crystal_walls, minitemple,
          uniq_sigmund
D:3:      layout_basic, grunt_temple_overflow_opulence, grunt_dithmenos_smoke
D:4:      layout_basic

Skill      XL: |  1  2  3  4  5  6 |
---------------+-------------------+-----
Stealth        | 1 3 4 |  4.1
Fighting       | 4 |  4.4
Dodging        | 4 |  4.3
Shields        | 4 |  4.3
Long Blades    | |  2.0

Action                   |  1- 3 |  4- 6 || total
-------------------------+-------+-------++-------
Melee: Long sword        |    50 |       ||    50
       Constrict         |    26 |    16 ||    42
       Tentacles         |    14 |    12 ||    26
       Dagger            |    21 |    70 ||    91
  Use: Potion            |     1 |       ||     1
 Stab: Sleeping          |     7 |     9 ||    16
       Distracted        |       |     1 ||     1
  Eat: Chunk             |     1 |     5 ||     6
Armor: Skin              |     1 |     5 ||     6
Dodge: Dodged            |    20 |    21 ||    41
Block: Shield            |    30 |    18 ||    48
       Rpst.: Long sword |     2 |       ||     2

Table legend:
 A = Non-vault XP
 B = Vault XP
 C = Vault XP percentage of total XP
 D = Non-vault monster count
 E = Vault monster count
 F = Vault count percentage of total count
                 A         B        C        D         E       F
            +---------+---------+-------+---------+---------+-------
      Total |     224 |     232 |  50.9 |      67 |       4 |   5.6
            +---------+---------+-------+---------+---------+-------
        D:1 |      44 |       5 |  10.2 |      27 |       3 |  10.0
        D:2 |      50 |     227 |  81.9 |      14 |       1 |   6.7
        D:3 |     118 |       0 |   0.0 |      22 |       0 |   0.0
        D:4 |      12 |       0 |   0.0 |       4 |       0 |   0.0
            +---------+---------+-------+---------+---------+-------
